 Dungeon Crawl Stone Soup version 0.23-a0-303-gfcac5dec12 (webtiles) character file.

3086 PikkenKukken the Grappler (level 9, -1/80 HPs)
             Began as a Troll Fighter on Oct 8, 2018.
             Was a Believer of Elyvilon.
             Killed from afar by an electric eel (13 damage)
             ... with a bolt of electricity
             ... on level 7 of the Dungeon.
             The game lasted 00:15:34 (5313 turns).

PikkenKukken the Grappler (Troll Fighter)           Turns: 5313, Time: 00:15:34

Health: -1/80      AC:  6    Str: 26    XL:     9   Next: 59%
Magic:  10/10      EV: 10    Int:  7    God:    Elyvilon [**....]
Gold:   350        SH:  0    Dex:  9    Spells: 7/8 levels left

rFire    . . .     SeeInvis .     - Unarmed
rCold    . . .     Gourm    +   b - +0 shield
rNeg     . . .     Faith    .   a - +0 robe
rPois    .         Spirit   .   (helmet restricted)
rElec    .         Reflect  .   t - +0 cloak
rCorr    .         Harm     .   (gloves unavailable)
MR       .....                  (boots unavailable)
Stlth    +.........             n - amulet of rage
HPRegen  0.63/turn              (no ring)
MPRegen  0.12/turn              (no ring)

@: confused
A: large, unfitting armour, claws 3, fast metabolism 3, gourmand, regeneration
1, shaggy fur 1, tough skin 2
a: Lesser Healing, Heal Other, Divine Protection, Renounce Religion, Evoke
Berserk Rage


You were on level 7 of the Dungeon.
You worshipped Elyvilon.
Elyvilon was pleased with you.
You were full.

You visited 2 branches of the dungeon, and saw 8 of its levels.

You collected 350 gold pieces.

Inventory:

Missiles
 g - 69 arrows
Armour
 a - a +0 robe (worn)
 b - a +0 shield (worn)
 p - a cursed +0 shield
 t - a +0 cloak (worn)
Jewellery
 l - a +2 ring of intelligence {unknown}
 n - an amulet of rage (around neck)
 u - a +3 ring of strength {unknown}
Scrolls
 e - 2 scrolls of immolation
 f - a scroll of identify
 i - a scroll of teleportation
 q - a scroll of fear
 r - a scroll of enchant weapon
Potions
 c - a potion of lignification {unknown}
 h - 2 potions of flight
 j - a potion of agility
 k - 2 potions of curing
 m - a potion of degeneration {unknown}
 o - a potion of brilliance {unknown}
 s - a potion of ambrosia
Comestibles
 d - 19 rations


   Skills:
 - Level 2.4 Fighting
 + Level 5.3 Dodging
 + Level 5.3 Shields
 - Level 8.3 Unarmed Combat
 - Level 4.0 Transmutations
 + Level 3.9 Invocations


You had 7 spell levels left.
You knew the following spells:

 Your Spells              Type           Power        Failure   Level  Hunger
a - Beastly Appendage     Tmut           #.....       21%         1    ##.....

Your spell library contained the following spells:

 Spells                   Type           Power        Failure   Level  Hunger
 Sticks to Snakes         Tmut           #.......     30%         2    ###....
 Spider Form              Tmut/Pois      #.........   80%         3    ####...
 Ice Form                 Ice/Tmut       #.......     99%         4    #####..
 Blade Hands              Tmut           #.........   99%         5    ######.


Dungeon Overview and Level Annotations

Branches:
Dungeon (7/15)             Temple (1/1) D:5

Altars:
Ashenzari
Cheibriados
Elyvilon
Fedhas
Gozag
Hepliaklqana
Kikubaaqudgha
Makhleb
Nemelex Xobeh
Okawaru
Qazlal
Ru
Sif Muna
Trog
Uskayaw
Vehumet
Xom
Yredelemnul
The Shining One

Shops:
D:6 [


Innate Abilities, Weirdness & Mutations

You are too large for most types of armour.
You have claws for hands.
Your metabolism is lightning-fast.
You like to eat raw meat.
Your natural rate of healing is unusually fast.
You are covered in fur. (AC +1)
You have very tough skin. (AC +2)


Message History

You are too injured to fight recklessly!
You are too injured to fight recklessly!
The electric eel shoots out a bolt of lightning at you!
The bolt of electricity hits you!
The electric eel shoots out a bolt of lightning at you!
The bolt of electricity hits you!
* * * LOW HITPOINT WARNING * * *
You claw the electric eel!
The electric eel is heavily wounded.
You barely miss the electric eel.
The electric eel is heavily wounded.
The electric eel shoots out a bolt of lightning at you!
The bolt of electricity hits you!
* * * LOW HITPOINT WARNING * * *
Okay, then.
You are confused.
You feel invigorated.
The electric eel shoots out a bolt of lightning at you!
The bolt of electricity hits you!
You die...

≈≈≈≈,,≈,,,,≈≈≈≈,,≈≈≈,,**,*,*
≈≈≈≈≈,≈≈≈≈≈≈≈≈P≈P≈≈≈≈...,*,*
≈≈≈≈≈≈≈≈≈≈≈≈≈≈≈≈≈≈≈.≈≈..,*,*
≈≈≈≈≈≈≈≈≈P≈≈≈≈≈≈≈≈P≈≈...,,,*
≈≈≈≈≈,,≈≈.≈≈≈P≈≈≈≈≈≈≈≈P≈,,,*****
,,,,,,,.....≈.P≈≈≈≈≈≈≈≈≈≈,,,,,,*
*****,,*#.....;.≈≈≈≈≈≈≈≈≈≈,,,*,*
***,*,**##......;..≈≈P≈≈≈,,,,*,*
,,,,,,**#.......@%.≈.≈≈≈≈≈≈≈,,,*
,,,,,,,,+............≈≈≈≈≈≈,≈,,*
**,,,,,,#......).....≈.≈≈≈≈,,,,*
*,,,,,,,##....<).#.....#≈≈≈**,,*
*,*,>,,,*##...†.###....#*≈≈≈*,,*
*,*,,,,** ##...## *#..##*≈≈**,,*
*,*,**** ##'## *### **≈≈****
,,,,* #.# **≈≈* *,*** #.# ****


You could see 2 electric eels.

Vanquished Creatures
  Prince Ribbit (D:6)
  A hippogriff (D:6)
  Sigmund (D:6)
  Duvessa (D:6)
  4 ice beasts
  A phantom (D:5)
  2 ogres
  2 centaurs
  5 bullfrogs
  2 gnoll sergeants
  Dowan (D:6)
  A scorpion (D:5)
  A howler monkey (D:6)
  5 crimson imps
  A centaur zombie (D:6)
  A quasit (D:5)
  An orc priest (D:7)
  4 hounds
  9 orc wizards
  2 bullfrog skeletons
  Jessica (D:3)
  An iguana (D:5)
  3 worker ants
  A hound zombie (D:5)
  A worker ant zombie (D:7)
  8 gnolls
  A howler monkey skeleton (D:6)
  2 adders
  A shadow imp (D:6)
  An ooze (D:5)
  A worm (D:3)
  2 dart slugs (D:1)
  2 leopard geckos
  24 orcs
  9 bats
  2 giant cockroaches
  3 goblins (D:3)
  6 hobgoblins
  16 jackals
  3 quokkas
  3 ball pythons
  3 frilled lizards (D:4)
  A jackal skeleton (D:4)
  2 jackal zombies
  5 kobolds
  A leopard gecko zombie (D:6)
  A quokka skeleton (D:6)
  5 rats
155 creatures vanquished.

Vanquished Creatures (others)
  An orc (D:7)
1 creature vanquished.

Grand Total: 156 creatures vanquished

Notes
Turn   | Place    | Note
-------+----------+-------------------------------------------
     0 | D:1      | PikkenKukken the Troll Fighter began the quest for the Orb.
     0 | D:1      | Reached XP level 1. HP: 22/22 MP: 0/0
   202 | D:1      | Reached XP level 2. HP: 29/29 MP: 1/1
   507 | D:1      | Reached skill level 3 in Unarmed Combat
   716 | D:2      | Reached XP level 3. HP: 36/36 MP: 2/2
   755 | D:2      | Learned a level 1 spell: Beastly Appendage
   826 | D:2      | Noticed a gnoll sergeant
   840 | D:2      | Killed a gnoll sergeant
   840 | D:2      | Reached skill level 4 in Unarmed Combat
   840 | D:2      | Reached XP level 4. HP: 30/44 MP: 3/3
   862 | D:2      | Reached skill level 5 in Unarmed Combat
  1357 | D:3      | Reached XP level 5. HP: 50/50 MP: 4/4
  1632 | D:3      | Noticed Jessica
  1637 | D:3      | Killed Jessica
  1637 | D:3      | Reached skill level 6 in Unarmed Combat
  1995 | D:3      | Found a shimmering altar of Xom.
  2124 | D:4      | Reached XP level 6. HP: 54/59 MP: 5/5
  2245 | D:4      | Reached skill level 7 in Unarmed Combat
  2535 | D:4      | Found a bloodstained altar of Trog.
  2746 | D:4      | You fall through a shaft for 3 floors!
  2746 | D:7      | Noticed a hog
  2746 | D:7      | Noticed a hog
  2746 | D:7      | Noticed a human
  2746 | D:7      | Noticed a hog
  2746 | D:7      | Noticed a hog
  2794 | D:7      | Reached XP level 7. HP: 63/66 MP: 6/6
  2817 | D:6      | Found Qohorchehie's Armour Boutique.
  2835 | D:6      | Noticed Duvessa
  2835 | D:6      | Noticed Dowan
  2849 | D:6      | Killed Duvessa
  2849 | D:6      | Reached skill level 8 in Unarmed Combat
  2852 | D:6      | Killed Dowan
  2857 | D:6      | Noticed a hippogriff
  2860 | D:6      | Reached skill level 1 in Transmutations
  2868 | D:6      | Killed a hippogriff
  2868 | D:6      | Reached XP level 8. HP: 41/74 MP: 7/7
  2873 | D:6      | Noticed Sigmund
  2884 | D:5      | Entered Level 5 of the Dungeon
  2987 | D:5      | Found a staircase to the Ecumenical Temple.
  3069 | D:5      | Found a white marble altar of Elyvilon.
  3078 | D:5      | Became a worshipper of Elyvilon the Healer
  3172 | D:5      | Found an ancient bone altar of Kikubaaqudgha.
  3172 | D:5      | Found a stormy altar of Qazlal.
  3254 | D:5      | Reached skill level 1 in Invocations
  3356 | D:5      | Found a shattered altar of Ashenzari.
  3449 | D:5      | Found a glowing golden altar of the Shining One.
  3637 | Temple   | Entered the Ecumenical Temple
  3752 | D:5      | Reached * piety under Elyvilon
  3873 | D:5      | Found a basalt altar of Yredelemnul.
  4197 | D:6      | Killed Sigmund
  4197 | D:6      | Reached XP level 9. HP: 74/80 MP: 8/10
  4210 | D:6      | Noticed Prince Ribbit
  4464 | D:6      | Reached skill level 5 in Shields
  4594 | D:6      | Found a sacrificial altar of Ru.
  4617 | D:6      | Reached skill level 5 in Dodging
  4646 | D:6      | Killed Prince Ribbit
  4723 | D:6      | Found a burning altar of Makhleb.
  4992 | D:7      | Reached ** piety under Elyvilon
  5313 | D:7      | Killed from afar by an electric eel

Vault maps used:
D:1:      grunt_arrival_lava_bath, minmay_hexomino_u4
D:3:      marbit_many_paths, minmay_close_crescents, uniq_jessica
D:4:      kennysheep_mini_moat, first_ration
D:5:      kennysheep_ying_yang, tso_oasis_becter,
          gammafunk_temple_overflow_elements, minmay_temple_entry_mist,
          basic_altar, lightli_minifort
D:6:      cheibrodos_fzero, nicolae_ru_awakened_eye, serial_shops, shop,
          bloody_makhleb, uniq_prince_ribbit1, uniq_sigmund, uniq_duvessa
D:7:      minitemple, kennysheep_little_box, grunt_livestock,
          chequers_big_river, uniq_harold
Temple:   cyrus_temple_forest

Skill      XL: |  1  2  3  4  5  6  7  8  9 |
---------------+----------------------------+-----
Unarmed Combat | 3 4 5 6 7 8 |  8.3
Transmutations | 1 3 4 |  4.0
Dodging        | 3 4 5 |  5.3
Shields        | 3 4 5 |  5.3
Invocations    | 2 3 |  3.9
Fighting       | |  2.4

Action                   |  1- 3 |  4- 6 |  7- 9 || total
-------------------------+-------+-------+-------++-------
Melee: Unarmed           |    69 |   152 |   250 ||   471
       Kick              |       |       |     5 ||     5
 Cast: Beastly Appendage |       |       |     4 ||     4
  Use: Scroll            |     3 |     5 |     6 ||    14
       Potion            |     1 |     1 |     3 ||     5
 Stab: Distracted        |       |     1 |       ||     1
  Eat: Chunk             |    13 |    18 |    20 ||    51
Armor: Robe              |    36 |    36 |    56 ||   128
Dodge: Dodged            |    29 |    44 |    76 ||   149
Block: Shield            |    34 |    54 |    93 ||   181

Table legend:
 A = Non-vault XP
 B = Vault XP
 C = Vault XP percentage of total XP
 D = Non-vault monster count
 E = Vault monster count
 F = Vault count percentage of total count
                 A         B        C        D         E       F
            +---------+---------+-------+---------+---------+-------
      Total |    2639 |    1770 |  40.1 |     120 |      35 |  22.6
            +---------+---------+-------+---------+---------+-------
        D:1 |      24 |      11 |  31.4 |      13 |       4 |  23.5
        D:2 |     153 |       0 |   0.0 |      18 |       0 |   0.0
        D:3 |      94 |      61 |  39.4 |      25 |       7 |  21.9
        D:4 |     373 |       0 |   0.0 |      15 |       0 |   0.0
        D:5 |     675 |     153 |  18.5 |      25 |       6 |  19.4
        D:6 |     938 |    1545 |  62.2 |      16 |      18 |  52.9
        D:7 |     382 |       0 |   0.0 |       8 |       0 |   0.0
            +---------+---------+-------+---------+---------+-------
